 Dungeon Crawl Stone Soup version 0.30-a0-728-gc68057be0a (webtiles) character file.

Game seed: 16154343414668512255

105 Dittersdorf the Covered (level 4, -21/29 HPs)
             Began as a Gargoyle Fighter on Jan 31, 2023.
             Demolished by Sigmund
             ... wielding a +6 heavy scythe
              (26 damage)
             ... on level 2 of the Dungeon.
             The game lasted 00:01:50 (1327 turns).

Dittersdorf the Covered (Gargoyle Fighter)          Turns: 1327, Time: 00:01:50

Health: -21/29     AC: 13    Str: 21    XL:     4   Next: 83%
Magic:  4/4        EV:  7    Int:  9    God:
Gold:   146        SH:  4    Dex:  9    Spells: 3/3 levels left

rFire   . . .      SeeInvis .    a - +0 flail
rCold   . . .      Faith    .    c - +0 buckler
rNeg    + . .      Spirit   .    k - +0 chain mail
rPois   ∞          Reflect  .    (no helmet)
rElec   +          Harm     .    (no cloak)
rCorr   .          Rampage  .    (no gloves)
Will    .....                    (no boots) Stlth
                                 (no amulet)
HPRegen 0.24/turn                (no ring)
MPRegen 0.09/turn                (no ring)

@: no status effects
A: sickness immunity, AC +3, negative energy resistance 1, electricity
resistance, torment resistance 1, petrification resistance
a: no special abilities


You were on level 2 of the Dungeon.
You visited 1 branch of the dungeon, and saw 2 of its levels.

You collected 146 gold pieces.

Inventory:

Hand Weapons
 a - a +0 flail (weapon)
Armour
 c - a +0 buckler (worn)
 k - a +0 chain mail (worn)
Scrolls
 b - a scroll of identify {unknown}
 f - a scroll of amnesia {unknown}
 g - a scroll of enchant weapon {unknown}
 h - a scroll of immolation {unknown}
 i - 2 scrolls of enchant armour {unknown}
Potions
 d - a potion of might
 e - a potion of lignification {unknown}
 j - a potion of flight {unknown}
 l - a potion of berserk rage {unknown}
 m - a potion of attraction {unknown}
 n - a potion of mutation {unknown}


   Skills:
 + Level 4.1 Fighting
 + Level 2.9 Maces & Flails
 + Level 4.1 Armour
 + Level 4.0 Shields


You had 3 spell levels left.
You didn't know any spells.
Your spell library contained the following spells:

 Spells                   Type           Power      Damage    Failure   Level
 Portal Projectile        Hex/Tloc       0%         N/A       100%        3
 Tukima's Dance           Hex            0%         N/A       100%        3
 Blade Hands              Tmut           0%         N/A       100%        5


Dungeon Overview and Level Annotations

Branches:
Dungeon (2/15)

Altars:

Annotations:
D:2 Sigmund


Innate Abilities, Weirdness & Mutations

You are immune to sickness and miasma.
Your stone body is resilient. (AC +3)
You are immune to poison.
You resist negative energy. (rN+)
You are resistant to electric shocks. (rElec)
You are resistant to unholy torment.
You are immune to petrification.


Message History

There is a stone staircase leading up here.
Sigmund points at you and mumbles some strange words.
The magic dart hits you but does no damage.
Sigmund gestures at you while chanting.
You are confused.
You bump into the rock wall.
Sigmund gestures wildly while chanting.
Sigmund flickers and vanishes!
Deactivating autopickup; reactivate with Ctrl-A.
The gnoll hits you from afar with a +0 spear.
The gnoll hits you with a +0 spear.
You hear some strange, mumbled words.
Something tries to affect you, but you resist.
The gnoll barely misses you.
There is a stone staircase leading up here.
You bump into the rock wall.
You feel less confused. The gnoll hits you but does no damage.
Something hits you. The gnoll hits you but does no damage.
There is a stone staircase leading up here.
You can't go down here!
The gnoll attacks as you move away! The gnoll hits you but does no damage.
The gnoll hits you from afar with a +0 spear.
The gnoll hits you with a +0 spear. Something hits you!
* * * LOW HITPOINT WARNING * * *
You sock the gnoll!
The gnoll is severely wounded.
The gnoll hits you with a +0 spear.
* * * LOW HITPOINT WARNING * * *
You block the gnoll's attack.
You hit the gnoll.
The gnoll is severely wounded.
Something hits you.
* * * LOW HITPOINT WARNING * * *
The gnoll closely misses you.
You sock the gnoll!
You kill the gnoll!
Something hits you!!
Ouch! That really hurt!
You die...

######## #......#
...!..
#......###......
#...............
#.......# #.....
####.......###.....
#.@<{........#g....
#.##.........#.....
...##.........#g#
######.........#g#
#............#.#
#.#####......#.####
#.######.......#...
#....# #.######....
##### ####.#
#....{gg....


There were no monsters in sight!

Vanquished Creatures
  8 gnolls
  An adder (D:1)
  A worm (D:2)
  2 ball pythons (D:1)
  2 endoplasms (D:1)
  2 giant cockroaches (D:1)
  4 goblins (D:1)
  3 hobgoblins
  A bat (D:1)
  3 frilled lizards (D:1)
  3 kobolds
  2 rats
32 creatures vanquished.

Notes
Turn   | Place    | Note
-------+----------+-------------------------------------------
     0 | D:1      | Dittersdorf the Gargoyle Fighter began the quest for the
                  | Orb.
     0 | D:1      | Reached XP level 1. HP: 14/14 MP: 1/1
   267 | D:1      | Reached XP level 2. HP: 17/19 MP: 2/2
   408 | D:1      | Reached XP level 3. HP: 22/23 MP: 3/3
   778 | D:2      | Reached XP level 4. HP: 25/29 MP: 4/4
   911 | D:2      | Noticed Sigmund
  1327 | D:2      | Demolished by Sigmund

Illustrated notes

Levels and vault maps discovered:
D:1:      mrwooster_arrival_arrow, layout_basic
D:2:      layout_basic, uniq_sigmund, uniq_terence

Skill      XL: |  1  2  3  4 |
---------------+-------------+-----
Armour         | 4 |  4.1
Fighting       | 4 |  4.1
Shields        | 4 |  4.0
Maces & Flails | |  2.9

Action                     |  1- 3 |  4- 6 || total
---------------------------+-------+-------++-------
  Melee: Flail             |    90 |    38 ||   128
 Armour: Scale mail        |    36 |       ||    36
         Chain mail        |    20 |    53 ||    73
  Dodge: Dodged            |    34 |    29 ||    63
  Block: Buckler           |    17 |    15 ||    32

Table legend: (Time is in decaauts)
 A = Elapsed time spent in this place.
 B = Non-inter-level travel time spent in this place.
 C = Inter-level travel time spent in this place.
 D = Time resting spent in this place.
 E = Time spent auto-exploring this place.
 F = Levels seen in this place.
 G = Mean time per level.
                   A        B        C        D        E       F      G
               +--------+--------+--------+--------+--------+-----+--------+
         Total |   1371 |   1236 |    135 |    220 |    659 |   2 |  685.5 |
       Dungeon |   1371 |   1236 |    135 |    220 |    659 |   2 |  685.5 |
               +--------+--------+--------+--------+--------+-----+--------+

Top non-repeatable levels by time:
     D:1: 1095 daAuts
     D:2: 275 daAuts
